 Dungeon Crawl Stone Soup version 0.29.1-15-g9cfb28693d (webtiles) character file.

Game seed: 6945586381630014601

9 protoss039 the Digger (level 2, 20/20 HPs)
             Began as a Demonspawn Earth Elementalist on Mar 12, 2023.
             Got out of the dungeon alive.
             The game lasted 00:00:32 (638 turns).

protoss039 the Digger (DsEE)                         Turns: 638, Time: 00:00:33

Health: 20/20      AC:  2    Str:  8    XL:     2   Next: 3%
Magic:  5/5        EV: 12    Int: 16    God:
Gold:   24         SH:  0    Dex: 13    Spells: 4/5 levels left

rFire   . . .      SeeInvis .   e - +1 dagger (vamp)
rCold   . . .      Faith    .   (no shield)
rNeg    . . .      Spirit   .   a - +0 robe
rPois   .          Reflect  .   (helmet restricted)
rElec   .          Harm     .   (no cloak)
rCorr   .          Rampage  .   (no gloves)
Will    .....                   (no boots)
Stlth   ++........              (no amulet)
HPRegen 0.06/turn               (no ring)
MPRegen 0.09/turn               (no ring)

@: no status effects
A: antennae 1
a: no special abilities


You escaped.
You visited 1 branch of the dungeon, and saw 1 of its levels.

You collected 24 gold pieces.

Inventory:

Hand Weapons
 e - a +1 vampiric dagger (weapon)
Armour
 a - a +0 robe (worn)
Scrolls
 c - 3 scrolls of identify {unknown}
 d - a scroll of summoning {unknown}
 f - a scroll of vulnerability {unknown}
Potions
 b - a potion of magic
 g - a potion of brilliance {unknown}
 h - 2 potions of curing {unknown}


   Skills:
 + Level 0.8 Fighting
 - Level 1.7 Dodging
 - Level 1.7 Stealth
 + Level 2.2 Spellcasting
 - Level 0.8 Transmutations
 + Level 2.9 Earth Magic


You had 4 spell levels left.
You knew the following spells:

 Your Spells              Type           Power      Damage    Failure   Level
a - Sandblast             Erth           22%        2d7       6%          1

Your spell library contained the following spells:

 Spells                   Type           Power      Damage    Failure   Level
 Passwall                 Tmut/Erth      5%         N/A       14%         2
 Stone Arrow              Conj/Erth      12%        3d7       32%         3
 Petrify                  Tmut/Erth      7%         N/A       67%         4


Dungeon Overview and Level Annotations

Branches:
Dungeon (1/15) Zot: 5354

Altars:


Innate Abilities, Weirdness & Mutations

You have a pair of small antennae on your head.


Message History

No target in view!
No target in view!
There is an open door here.
There is an open door here.
There is an open door here.
You open the door.
There is an open door here.
h - a white potion No target in view!
h - 2 white potions (gained 1)
There is a stone staircase leading down here.
A rat comes into view.
Found 14 gold pieces.
A rat is nearby!
A rat is nearby!
A goblin comes into view. It is wielding a +0 dagger.
Found a stone staircase leading down.
There are monsters nearby!
There are monsters nearby!
The rat misses you.
There are monsters nearby!
You hit the rat.
You kill the rat!
You have reached level 2!
Your demonic ancestry asserts itself...
A pair of antennae grows on your head!
Unknown command.
The goblin hits you with a +0 dagger.
You hit the goblin.
You feel better.
You kill the goblin!
No target in view!
No target in view!
You enter the shallow water.
Moving in this stuff is going to be slow.
There is a large open door here.
There is a large open door here.
There is a large open door here.
There is a staircase leading out of the dungeon here.
Are you sure you want to leave the Dungeon?
This will make you lose the game!
You have escaped!

##..#>.~.#~........^.~#.~......#
##....~.#~~~~~..~~~~~#.~.######
#....~.######''######.~.#
#.#..~.#............#.~.#
##.#..~.#≈≈§§≈..§§≈≈≈#.~.#
##>....~.#§≈§§≈..≈§§≈≈#.~.#
....#..~.#...§........#.~.######
###.##.~.######''######.~.##...#
##.##.~8#......@.....#8~(##...#
##..##.~.##############.~..#...#
##.###.~..8... ......8..~......#
#..# #.~~~~~~~ ~~~~~~~~~~##..†.#
..####.####### #####...#####†.(#
............#### ###..# #...#
...............########.# #...#
....#########...........# #...#
....# #.########### #####


There were no monsters in sight!

Vanquished Creatures
  An endoplasm (D:1)
  A giant cockroach (D:1)
  A hobgoblin (D:1)
  A quokka (D:1)
  A bat (D:1)
  A frilled lizard (D:1)
  A goblin (D:1)
  2 rats (D:1)
9 creatures vanquished.

Notes
Turn   | Place    | Note
-------+----------+-------------------------------------------
     0 | D:1      | protoss039 the Demonspawn Earth Elementalist began the
                  | quest for the Orb.
     0 | D:1      | Reached XP level 1. HP: 13/13 MP: 3/3
   117 | D:1      | Found a faded altar of an unknown god.
   603 | D:1      | Gained mutation: You have a pair of small antennae on your
                  | head. [demonic ancestry]
   603 | D:1      | Reached XP level 2. HP: 20/20 MP: 5/5
   638 | D:$      | Got out of the dungeon alive.

Illustrated notes

Levels and vault maps discovered:
D:1:      lightli_arrival_isolated_outpost, layout_rooms,
          shapermc_ecumenical_altar_gd, grunt_decor_arrowhead, minivault_27,
          grunt_decor_clamped, minmay_misc_feat_five, hex_tiny, st_stairs_5

Action                   || total
-------------------------++-------
Melee: Dagger            ||     8
 Cast: Sandblast         ||     8
 Stab: Sleeping          ||     1
Armor: Robe              ||     2
Dodge: Dodged            ||    10
